[Event "EYCC Girls-U10 2019"]
[Site "Bratislava"]
[Date "2019.08.06"]
[Round "5.1"]
[White "Smietanska, Wiktoria"]
[Black "Hnatyshyn, Anastasiia"]
[Result "0-1"]
[ECO "B24"]
[WhiteElo "1547"]
[BlackElo "1380"]
[Annotator "NA"]
[PlyCount "104"]
[EventDate "2019.08.02"]
[EventType "swiss"]
[EventCountry "SVK"]
[SourceTitle "playchess.com"]
[Source "ChessBase"]
[SourceQuality "1"]
[TimeControl "40/5400+30:1800+30"]

1. e4 c5 2. Nc3 Nc6 3. Bb5 g6 4. Bxc6 bxc6 5. f4 Bg7 6. Nf3 Nf6 7. d3 O-O 8. O-O d5 9. Qe1 e6 10. h3 h5 11. Kh1 Ba6 12. Rg1 c4 13. e5 Nd7 14. d4 c5 15. g4 cxd4 16. Nxd4 hxg4 17. hxg4 Bb7 18. Rg2 g5 19. Rh2 Qb6 20. Qf2 gxf4 21. Qxf4 Nxe5 22. Na4 Qa5 23. b3 Qe1+ 24. Kg2 Ng6 25. Qe3 Qxe3 26. Bxe3 e5 27. Nf3 d4 28. Bh6 cxb3 29. axb3 e4 30. Ng5 Rfc8 31. Bxg7 Rxc2+ 32. Kg3 Rxh2 33. Kxh2 Kxg7 34. Rf1 Ne5 35. Kg3 Rc8 36. Rf5 Re8 37. Nc5 e3 38. Rf1 e2 39. Re1 d3 40. Nge4 Bxe4 41. Nxe4 Nc6 42. Nd2 Nd4 43. Kf2 Nc2 44. g5 Nxe1 45. Kxe1 Re3 46. b4 Rh3 47. b5 Rh1+ 48. Kf2 e1=Q+ 49. Kg2 Qxd2+ 50. Kxh1 Qf2 51. b6 d2 52. g6 d1=Q# 0-1

[Event "EYCC Girls-U10 2019"]
[Site "Bratislava"]
[Date "2019.08.06"]
[Round "5.2"]
[White "Shukhman, Anna"]
[Black "Seyhan, Pelin"]
[Result "1-0"]
[ECO "C11"]
[WhiteElo "1806"]
[BlackElo "1333"]
[Annotator "NA"]
[PlyCount "79"]
[EventDate "2019.08.02"]
[EventType "swiss"]
[EventCountry "SVK"]
[SourceTitle "playchess.com"]
[Source "ChessBase"]
[SourceQuality "1"]
[TimeControl "40/5400+30:1800+30"]

1. e4 e6 2. d4 d5 3. Nc3 Nf6 4. e5 Nfd7 5. f4 c5 6. Nf3 Nc6 7. Be3 cxd4 8. Nxd4 Bc5 9. Qd2 a6 10. O-O-O Nxd4 11. Bxd4 Bxd4 12. Qxd4 Qb6 13. g3 Qxd4 14. Rxd4 b5 15. Bh3 Bb7 16. Rhd1 Rc8 17. Bf1 Ke7 18. a4 bxa4 19. Rxa4 Rc7 20. Ra3 Ra8 21. Ne2 Nc5 22. Nd4 g6 23. c3 Ne4 24. Kc2 Kd7 25. Rda1 Nc5 26. Ra5 Ke7 27. R1a3 Kf8 28. b4 Ne4 29. b5 Rac8 30. bxa6 Rxc3+ 31. Rxc3 Rxc3+ 32. Kb2 Ba8 33. Rb5 Rc8 34. a7 Ke7 35. Rb8 Rf8 36. Bb5 Nc5 37. Nc6+ Bxc6 38. Bxc6 Na6 39. Rxf8 Kxf8 40. a8=Q+ 1-0

[Event "EYCC Girls-U10 2019"]
[Site "Bratislava"]
[Date "2019.08.06"]
[Round "5.3"]
[White "Goriachkina, Oksana"]
[Black "Sidorenja, Milena"]
[Result "1-0"]
[ECO "D00"]
[WhiteElo "1417"]
[BlackElo "1573"]
[Annotator "NA"]
[PlyCount "71"]
[EventDate "2019.08.02"]
[EventType "swiss"]
[EventCountry "SVK"]
[SourceTitle "playchess.com"]
[Source "ChessBase"]
[SourceQuality "1"]
[TimeControl "40/5400+30:1800+30"]

1. d4 d5 2. Bf4 c6 3. e3 e6 4. c3 f5 5. Nf3 Nf6 6. Bd3 Be7 7. O-O O-O 8. h3 Ne4 9. Nbd2 Nd7 10. Ne5 Qe8 11. c4 Rf6 12. f3 Nd6 13. Nxd7 Bxd7 14. Qb3 Qh5 15. c5 Ne8 16. Qxb7 Rd8 17. Qxa7 Rg6 18. Kf2 Nf6 19. g4 Qh4+ 20. Bg3 Qh6 21. Qa4 Rf8 22. Qc2 Qxh3 23. Rh1 Nxg4+ 24. fxg4 fxg4+ 25. Bf4 Bh4+ 26. Kg1 Bf2+ 27. Kxf2 g3+ 28. Kg1 Qg4 29. Bxg6 hxg6 30. Qd1 Rxf4 31. Qxg4 Rxg4 32. a4 Bc8 33. b4 Ba6 34. Kg2 e5 35. Nf3 exd4 36. Nxd4 1-0

[Event "EYCC Girls-U10 2019"]
[Site "Bratislava"]
[Date "2019.08.06"]
[Round "5.4"]
[White "Iudina, Veronika"]
[Black "Kirtadze, Anastasia"]
[Result "1-0"]
[ECO "C02"]
[WhiteElo "1357"]
[BlackElo "1532"]
[Annotator "NA"]
[PlyCount "117"]
[EventDate "2019.08.02"]
[EventType "swiss"]
[EventCountry "SVK"]
[SourceTitle "playchess.com"]
[Source "ChessBase"]
[SourceQuality "1"]
[TimeControl "40/5400+30:1800+30"]

1. e4 e6 2. d4 d5 3. e5 c5 4. c3 Nc6 5. Nf3 Qb6 6. a3 c4 7. Nbd2 Na5 8. g3 Bd7 9. a4 Ne7 10. Bh3 h6 11. O-O g5 12. Ne1 h5 13. Nc2 Ng6 14. Ne3 O-O-O 15. b4 cxb3 16. Bb2 g4 17. Bg2 Bh6 18. c4 Bxe3 19. fxe3 Nxc4 20. Nxc4 dxc4 21. Rxf7 Bc6 22. a5 Qa6 23. Bxc6 bxc6 24. Qb1 Nf8 25. Ba3 Nd7 26. Qg6 c3 27. Rb1 Qc4 28. Qe4 b2 29. Rf2 h4 30. Bxb2 hxg3 31. Rc2 gxh2+ 32. Kh1 Rdf8 33. Qg2 Qd5 34. Qxd5 exd5 35. Bxc3 g3 36. Bb4 Rfg8 37. Rxc6+ Kb7 38. Rc2 Rc8 39. Bf8+ Nb6 40. Bc5 Rh6 41. axb6 axb6 42. Rcb2 Rcc6 43. Rg2 Rhg6 44. Bb4 Ka6 45. Be1 Rg4 46. Bxg3 Rcg6 47. Ra2+ Kb7 48. Bxh2 Rh6 49. Rb5 Kc6 50. Rab2 Kb7 51. Rxd5 Re4 52. Rb3 Rh3 53. Rd6 Rhxe3 54. Rdxb6+ Kc7 55. e6+ Kd8 56. Rxe3 Rxe3 57. d5 Rd3 58. Bd6 Rxd5 59. Rb8# 1-0

[Event "EYCC Girls-U10 2019"]
[Site "Bratislava"]
[Date "2019.08.06"]
[Round "5.5"]
[White "Eros, Vivien"]
[Black "Stoll, Lucia"]
[Result "0-1"]
[ECO "D35"]
[WhiteElo "1251"]
[BlackElo "1403"]
[Annotator "NA"]
[PlyCount "74"]
[EventDate "2019.08.02"]
[EventType "swiss"]
[EventCountry "SVK"]
[SourceTitle "playchess.com"]
[Source "ChessBase"]
[SourceQuality "1"]
[TimeControl "40/5400+30:1800+30"]

1. d4 d5 2. c4 e6 3. Nc3 Nf6 4. cxd5 exd5 5. Bg5 Be7 6. e3 c6 7. Bd3 Nbd7 8. Qc2 Nf8 9. Nge2 Ne6 10. Bh4 g6 11. O-O O-O 12. f3 b5 13. a3 a5 14. Bf2 Bd7 15. e4 Rc8 16. e5 Ne8 17. f4 N6g7 18. Ng3 Bh4 19. Nce2 h5 20. Be3 Bxg3 21. Nxg3 h4 22. Ne2 Bf5 23. Bxf5 Nxf5 24. Bd2 Neg7 25. g4 hxg3 26. hxg3 Ne6 27. g4 Nfxd4 28. Nxd4 Nxd4 29. Qd3 Ne6 30. Qh3 Kg7 31. g5 Rh8 32. Qg4 Nd4 33. Rab1 Nf5 34. Kg2 b4 35. a4 c5 36. Rh1 Qd7 37. b3 Ne3+ 0-1

[Event "EYCC Girls-U10 2019"]
[Site "Bratislava"]
[Date "2019.08.06"]
[Round "5.6"]
[White "Zavivaeva, Evelina"]
[Black "Fedorova, Olesya"]
[Result "1/2-1/2"]
[ECO "A48"]
[WhiteElo "1302"]
[BlackElo "1516"]
[Annotator "NA"]
[PlyCount "138"]
[EventDate "2019.08.02"]
[EventType "swiss"]
[EventCountry "SVK"]
[SourceTitle "playchess.com"]
[Source "ChessBase"]
[SourceQuality "1"]
[TimeControl "40/5400+30:1800+30"]

1. d4 Nf6 2. Nf3 g6 3. Bg5 Bg7 4. Nbd2 O-O 5. e4 d6 6. Be2 c5 7. dxc5 dxc5 8. O-O h6 9. Bh4 Nc6 10. c3 Be6 11. Qc2 Qb6 12. Rad1 g5 13. Bg3 Nh5 14. Rfe1 Nxg3 15. hxg3 Rfd8 16. Bc4 Bxc4 17. Nxc4 Qa6 18. b3 b5 19. Ne3 e6 20. g4 Qa5 21. Rc1 Rd7 22. a3 Rad8 23. c4 Nd4 24. Nxd4 cxd4 25. Nf1 Qxa3 26. Qd3 bxc4 27. Rxc4 Rb7 28. Nd2 Qd6 29. g3 Rb4 30. e5 Qb6 31. Rxb4 Qxb4 32. Nf3 Qc3 33. Rd1 Rd5 34. Qxc3 dxc3 35. Rc1 Rc5 36. Kf1 Kf8 37. Ke2 Bxe5 38. b4 Rd5 39. Nxe5 Rxe5+ 40. Kd3 f5 41. Ra1 fxg4 42. Rxa7 Rf5 43. Rh7 Rf3+ 44. Kc2 Rxf2+ 45. Kxc3 Rf3+ 46. Kd4 Rxg3 47. Rxh6 Ke7 48. Rg6 Rg1 49. Rxg5 g3 50. Ke3 Kd6 51. b5 Rb1 52. Rxg3 Rxb5 53. Rg8 Rh5 54. Rb8 Rh4 55. Rb5 Ke7 56. Ra5 Kf6 57. Rb5 e5 58. Rb8 Rf4 59. Rf8+ Kg5 60. Rxf4 exf4+ 61. Kf3 Kf5 62. Kf2 Ke4 63. Ke2 f3+ 64. Kf2 Kf4 65. Kf1 Kg4 66. Kf2 Kf4 67. Kf1 Ke3 68. Ke1 f2+ 69. Kf1 Kf3 1/2-1/2

[Event "EYCC Girls-U10 2019"]
[Site "Bratislava"]
[Date "2019.08.06"]
[Round "5.7"]
[White "Sosovickova, Martina"]
[Black "Artissi, Sabina"]
[Result "1/2-1/2"]
[ECO "B43"]
[WhiteElo "1200"]
[BlackElo "1419"]
[Annotator "NA"]
[PlyCount "85"]
[EventDate "2019.08.02"]
[EventType "swiss"]
[EventCountry "SVK"]
[SourceTitle "playchess.com"]
[Source "ChessBase"]
[SourceQuality "1"]
[TimeControl "40/5400+30:1800+30"]

1. e4 c5 2. Nf3 e6 3. d4 cxd4 4. Nxd4 a6 5. Nc3 b5 6. Bd3 Bc5 7. Nb3 Bb4 8. Bd2 Bb7 9. O-O Nc6 10. Qe2 Nge7 11. Rad1 O-O 12. a3 Bd6 13. f4 Bc7 14. Be3 d5 15. Qf2 f5 16. exd5 exd5 17. Be2 b4 18. axb4 Nxb4 19. Bf3 Kh8 20. Rfe1 Ng6 21. Bc5 Bd6 22. Bxd6 Qxd6 23. g3 Rad8 24. Nc5 Bc8 25. Nxd5 Nxd5 26. Bxd5 Qf6 27. b3 Ne7 28. Bc4 Rxd1 29. Rxd1 Nc6 30. Nxa6 Bxa6 31. Bxa6 Nb4 32. Bd3 Nxd3 33. Rxd3 Qa1+ 34. Kg2 Qa8+ 35. Qf3 Qa2 36. Rd2 h6 37. Qd3 Qa5 38. Qd5 Qc3 39. Re2 Qf6 40. Qe5 Qc6+ 41. Kf2 Qh1 42. h4 Qh2+ 43. Kf3 1/2-1/2

[Event "EYCC Girls-U10 2019"]
[Site "Bratislava"]
[Date "2019.08.06"]
[Round "5.8"]
[White "Shatil, Or"]
[Black "Stefan, Iulia-Cristiana"]
[Result "1-0"]
[ECO "B02"]
[WhiteElo "1185"]
[BlackElo "1389"]
[Annotator "NA"]
[PlyCount "65"]
[EventDate "2019.08.02"]
[EventType "swiss"]
[EventCountry "SVK"]
[SourceTitle "playchess.com"]
[Source "ChessBase"]
[SourceQuality "1"]
[TimeControl "40/5400+30:1800+30"]

1. e4 Nf6 2. e5 Nd5 3. Nc3 Nb6 4. d4 d6 5. f4 dxe5 6. fxe5 g6 7. Nf3 Bg7 8. Bd3 O-O 9. Be3 f6 10. Qd2 Bg4 11. exf6 exf6 12. O-O-O c6 13. Bh6 Be6 14. h4 Nd5 15. Nxd5 Qxd5 16. Bxg7 Kxg7 17. c4 Qd7 18. h5 g5 19. h6+ Kh8 20. Rdf1 Na6 21. Qc3 Kg8 22. Rh5 Bf7 23. Ne5 Qd8 24. Nxf7 Rxf7 25. c5 Nc7 26. Bc4 Nd5 27. Qf3 Kh8 28. Rxg5 Nc7 29. Bxf7 fxg5 30. Qe4 Ne8 31. Qe5+ Nf6 32. Rxf6 Qb8 33. Rd6# 1-0

[Event "EYCC Girls-U10 2019"]
[Site "Bratislava"]
[Date "2019.08.06"]
[Round "5.9"]
[White "Liashkevich, Lizaveta"]
[Black "Ismayilova, Khanim"]
[Result "1-0"]
[ECO "D38"]
[WhiteElo "1406"]
[BlackElo "1265"]
[Annotator "NA"]
[PlyCount "113"]
[EventDate "2019.08.02"]
[EventType "swiss"]
[EventCountry "SVK"]
[SourceTitle "playchess.com"]
[Source "ChessBase"]
[SourceQuality "1"]
[TimeControl "40/5400+30:1800+30"]

1. d4 Nf6 2. c4 e6 3. Nf3 d5 4. Nc3 Bb4 5. Bd2 O-O 6. a3 Be7 7. Bg5 h6 8. Bh4 Nbd7 9. e3 Nb6 10. cxd5 Nbxd5 11. Bd3 Nxc3 12. bxc3 Nd5 13. Bxe7 Qxe7 14. c4 Nf6 15. O-O c5 16. Qb3 b6 17. d5 exd5 18. cxd5 Bb7 19. e4 Rac8 20. Rfe1 Rfd8 21. Re2 Ng4 22. Rae1 Ne5 23. Nxe5 Qxe5 24. Bc4 Rc7 25. Qe3 Kh8 26. f4 Qd4 27. Qxd4 cxd4 28. Rc2 Re8 29. Kf2 Rec8 30. Rec1 Ba6 31. Bb3 Rxc2+ 32. Rxc2 Rxc2+ 33. Bxc2 Bb5 34. Ke1 Kg8 35. Kd2 Kf8 36. Bd3 Ba4 37. Bc4 f6 38. Kd3 Ke7 39. Kxd4 Kd7 40. e5 fxe5+ 41. fxe5 Ke7 42. Be2 Bd7 43. d6+ Ke8 44. Bc4 Kd8 45. e6 Bc6 46. Bd5 Bb5 47. Ke5 Ke8 48. e7 Bd7 49. Be6 Bc6 50. g3 Bb5 51. h4 Bc6 52. Bc8 Bb5 53. Bf5 Bc4 54. Bg6+ Bf7 55. Bxf7+ Kxf7 56. Kd5 Ke8 57. Kc6 1-0

[Event "EYCC Girls-U10 2019"]
[Site "Bratislava"]
[Date "2019.08.06"]
[Round "5.10"]
[White "Kuznecova, Marija"]
[Black "Prochaieva, Alina"]
[Result "0-1"]
[ECO "A45"]
[WhiteElo "1375"]
[BlackElo "1247"]
[Annotator "NA"]
[PlyCount "110"]
[EventDate "2019.08.02"]
[EventType "swiss"]
[EventCountry "SVK"]
[SourceTitle "playchess.com"]
[Source "ChessBase"]
[SourceQuality "1"]
[TimeControl "40/5400+30:1800+30"]

1. d4 Nf6 2. Bf4 c5 3. e3 Qb6 4. Na3 a6 5. Nc4 Qa7 6. c3 b5 7. Nd2 c4 8. a4 Qb7 9. Qc2 d5 10. b3 g6 11. Qa2 bxa4 12. bxc4 Bd7 13. Rb1 Qc8 14. cxd5 Bf5 15. Rxb8 Rxb8 16. Bxb8 Qxb8 17. Qxa4+ Bd7 18. Qxa6 Nxd5 19. Qa5 Nf6 20. Ngf3 Ne4 21. Bc4 Bg7 22. O-O Nd6 23. Rb1 Qc8 24. Qa7 O-O 25. Ba6 Qc6 26. Ne5 Bxe5 27. dxe5 Ra8 28. Rb8+ Rxb8 29. Qxb8+ Ne8 30. Qb5 Qxb5 31. Bxb5 Bxb5 32. c4 Ba4 33. Kf1 Nc7 34. Ke2 Kf8 35. Ne4 Bc6 36. Kd3 Bxe4+ 37. Kxe4 Ke8 38. g4 Kd7 39. f4 Kc6 40. f5 g5 41. Kd4 Na8 42. c5 Nc7 43. e4 e6 44. f6 Na6 45. Kc4 Nxc5 46. Kd4 Nd7 47. h3 h6 48. Ke3 Nxe5 49. Kf2 Nd7 50. Ke3 e5 51. Kf3 Nxf6 52. Ke3 Kc5 53. Kd3 Kb4 54. Kd2 Kc4 55. Ke3 Kc3 0-1

[Event "EYCC Girls-U10 2019"]
[Site "Bratislava"]
[Date "2019.08.06"]
[Round "5.11"]
[White "Petrenko, Maryna"]
[Black "Mence, Eline"]
[Result "1-0"]
[ECO "D02"]
[WhiteElo "1335"]
[BlackElo "1162"]
[Annotator "NA"]
[PlyCount "81"]
[EventDate "2019.08.02"]
[EventType "swiss"]
[EventCountry "SVK"]
[SourceTitle "playchess.com"]
[Source "ChessBase"]
[SourceQuality "1"]
[TimeControl "40/5400+30:1800+30"]

1. d4 d5 2. Nf3 e6 3. Bf4 f5 4. e3 Nf6 5. c4 c6 6. Nc3 Be7 7. Bd3 O-O 8. O-O Ne4 9. Qc2 Nd7 10. h3 Bf6 11. Bh2 h5 12. Nd2 Bg5 13. Ndxe4 fxe4 14. Be2 h4 15. Rae1 Rf6 16. Qb3 Nb6 17. cxd5 exd5 18. Nxe4 Re6 19. Nd2 Kh8 20. Nf3 Nd7 21. Qd3 Qf6 22. Be5 Qg6 23. Qxg6 Rxg6 24. Bd3 Re6 25. Nxg5 Re7 26. Bd6 Re8 27. Bg6 Rf8 28. Bxf8 Nxf8 29. Bd3 b6 30. f4 Bb7 31. f5 Nd7 32. Nf3 Nf6 33. Nxh4 Re8 34. Ng6+ Kh7 35. Rf4 Kg8 36. e4 dxe4 37. Bc4+ Nd5 38. Rfxe4 Rd8 39. Re8+ Rxe8 40. Rxe8+ Kf7 41. Rf8# 1-0

[Event "EYCC Girls-U10 2019"]
[Site "Bratislava"]
[Date "2019.08.06"]
[Round "5.12"]
[White "Toth, Timea"]
[Black "Bagas, Ana"]
[Result "1/2-1/2"]
[ECO "A34"]
[WhiteElo "1964"]
[BlackElo "1442"]
[Annotator "NA"]
[PlyCount "79"]
[EventDate "2019.08.02"]
[EventType "swiss"]
[EventCountry "SVK"]
[SourceTitle "playchess.com"]
[Source "ChessBase"]
[SourceQuality "1"]
[TimeControl "40/5400+30:1800+30"]

1. c4 c5 2. Nc3 Nf6 3. g3 d5 4. cxd5 Nxd5 5. Bg2 Nc7 6. e3 e5 7. Qa4+ Bd7 8. Qb3 Nc6 9. Nb5 Na5 10. Nxc7+ Qxc7 11. Qc2 Be7 12. b4 Nc6 13. bxc5 Qa5 14. Bd5 Nb4 15. Qe4 Nxd5 16. Qxd5 Bc6 17. Qxe5 f6 18. Qh5+ g6 19. Qh6 Bxh1 20. Qg7 Rf8 21. Qxh7 Bd5 22. Qxg6+ Bf7 23. Qe4 Qxc5 24. Qxb7 Qc8 25. Qe4 Rb8 26. Ba3 Qd7 27. Nf3 Rg8 28. Nd4 Bg6 29. Qxe7+ Qxe7 30. Bxe7 Kxe7 31. Nc6+ Ke6 32. Nxb8 Rxb8 33. f4 Kf5 34. h3 Ke4 35. Ke2 Rb2 36. a3 Be8 37. g4 Bb5+ 38. Ke1 Bc4 39. Rc1 Bd3 40. h4 1/2-1/2

[Event "EYCC Girls-U10 2019"]
[Site "Bratislava"]
[Date "2019.08.06"]
[Round "5.13"]
[White "Piddubna, Bozhena"]
[Black "Mgeladze, Kesaria"]
[Result "0-1"]
[ECO "A11"]
[WhiteElo "1444"]
[BlackElo "1294"]
[Annotator "NA"]
[PlyCount "112"]
[EventDate "2019.08.02"]
[EventType "swiss"]
[EventCountry "SVK"]
[SourceTitle "playchess.com"]
[Source "ChessBase"]
[SourceQuality "1"]
[TimeControl "40/5400+30:1800+30"]

1. c4 c6 2. Nf3 g6 3. g3 Bg7 4. Bg2 Nf6 5. Nc3 O-O 6. O-O d6 7. d3 Qc7 8. Be3 Nbd7 9. Rc1 e5 10. b4 Ng4 11. d4 Nxe3 12. fxe3 Bh6 13. Qd3 exd4 14. Nxd4 Ne5 15. Qe4 f5 16. Qh4 Bxe3+ 17. Kh1 Bxc1 18. Rxc1 Qd8 19. Qf4 Qe7 20. b5 Bd7 21. a4 Rae8 22. a5 a6 23. b6 Ng4 24. Nb3 Ne3 25. Qd4 Nxg2 26. Kxg2 Qe5 27. Qxe5 Rxe5 28. Rd1 Re3 29. Rd3 Rfe8 30. Kf2 R3e6 31. c5 d5 32. Nd4 Rf6 33. Rf3 Ref8 34. e3 Be8 35. Nce2 g5 36. h4 h6 37. Kg2 Bg6 38. Kh2 Bh5 39. Rf2 Re8 40. Nc2 Bxe2 41. Rxe2 Rfe6 42. Rf2 Rf6 43. Rf3 g4 44. Rf4 Re4 45. Rxe4 fxe4 46. Kg2 Rf3 47. h5 Kh7 48. Nd4 Rxe3 49. Nf5 Ra3 50. Nd6 Rxa5 51. Nxb7 Rb5 52. Nd6 Rxc5 53. b7 Rc2+ 54. Kf1 Rb2 55. Nb5 Rxb5 56. b8=Q Rxb8 0-1

[Event "EYCC Girls-U10 2019"]
[Site "Bratislava"]
[Date "2019.08.06"]
[Round "5.14"]
[White "Haapsal, Maria Ioanna"]
[Black "Ciarletta, Iris"]
[Result "1/2-1/2"]
[ECO "C11"]
[WhiteElo "1127"]
[BlackElo "1329"]
[Annotator "NA"]
[PlyCount "97"]
[EventDate "2019.08.02"]
[EventType "swiss"]
[EventCountry "SVK"]
[SourceTitle "playchess.com"]
[Source "ChessBase"]
[SourceQuality "1"]
[TimeControl "40/5400+30:1800+30"]

1. e4 e6 2. d4 d5 3. Nc3 Nf6 4. e5 Nfd7 5. f4 c5 6. Nf3 Nc6 7. Be3 Qb6 8. Rb1 cxd4 9. Nxd4 Bc5 10. Na4 Qa5+ 11. c3 Nxd4 12. Bxd4 Be7 13. Bd3 b5 14. Nc5 Nxc5 15. Bxc5 Bxc5 16. b4 Bxb4 17. cxb4 Qb6 18. Qe2 a6 19. Rc1 O-O 20. Qf2 Qb7 21. Qc2 Bd7 22. Bxh7+ Kh8 23. Bd3 Rfc8 24. Qd2 Qb6 25. Ke2 a5 26. Rxc8+ Bxc8 27. a3 Bd7 28. Rc1 g6 29. bxa5 Rxa5 30. Qb4 Qd8 31. g3 Kg8 32. Qd6 Ra8 33. Qb4 Qa5 34. Qxa5 Rxa5 35. Rc7 Be8 36. Rc3 Kf8 37. Kd2 Ke7 38. Kc1 Ra4 39. Kb2 f6 40. exf6+ Kxf6 41. Rb3 Ra5 42. Kc3 Ra4 43. Kb2 Ra5 44. Rb4 Ke7 45. Rb3 Kd6 46. Rc3 Ra8 47. Rb3 Ra5 48. Rc3 Ra8 49. Rb3 1/2-1/2

[Event "EYCC Girls-U10 2019"]
[Site "Bratislava"]
[Date "2019.08.06"]
[Round "5.15"]
[White "Novomeska, Karin"]
[Black "Bendik, Margarita"]
[Result "0-1"]
[ECO "D15"]
[WhiteElo "1269"]
[BlackElo "1188"]
[Annotator "NA"]
[PlyCount "144"]
[EventDate "2019.08.02"]
[EventType "swiss"]
[EventCountry "SVK"]
[SourceTitle "playchess.com"]
[Source "ChessBase"]
[SourceQuality "1"]
[TimeControl "40/5400+30:1800+30"]

1. d4 d5 2. c4 c6 3. Nf3 Nf6 4. Nc3 a6 5. cxd5 cxd5 6. Bf4 Nc6 7. e3 Nh5 8. Bd3 Nxf4 9. exf4 Bg4 10. Be2 e6 11. Ne5 Bxe2 12. Nxc6 bxc6 13. Qxe2 Bd6 14. f5 O-O 15. fxe6 Re8 16. O-O Rxe6 17. Qf3 Qb6 18. Rfd1 Qxb2 19. Rab1 Rae8 20. g3 Qa3 21. Rb7 R6e7 22. Rxe7 Rxe7 23. Rb1 h6 24. Rb6 Rc7 25. Rb8+ Bf8 26. Qe3 Qe7 27. Qxe7 Rxe7 28. Rb6 Re1+ 29. Kg2 Rc1 30. Ne2 Rc2 31. Nf4 g5 32. Nh5 a5 33. Nf6+ Kg7 34. Nd7 a4 35. Ne5 Rxa2 36. Rxc6 Rd2 37. Nf3 Rd1 38. g4 a3 39. Ra6 Bb4 40. Ra4 Kf6 41. Ne5 Bd6 42. Ra6 Kg7 43. Ra7 Rxd4 44. Nxf7 Rxg4+ 45. Kf1 Bb8 46. Rb7 Ra4 47. Nd8+ Kg6 48. Rb6+ Kh5 49. Rb1 a2 50. Ra1 Be5 51. Rxa2 Rxa2 52. Nc6 Bxh2 53. Nb4 Ra4 54. Nxd5 Kg6 55. Nc3 Rg4 56. f3 Rc4 57. Ne4 g4 58. Nd2 Rc2 59. Ke1 Rxd2 60. Kxd2 g3 61. Ke3 g2 62. Ke4 g1=Q 63. f4 Bxf4 64. Kxf4 Qe1 65. Kf3 Qe5 66. Kg4 Qf5+ 67. Kg3 Qf1 68. Kg4 Qf2 69. Kh3 Qg1 70. Kh4 Kf5 71. Kh3 Kf4 72. Kh4 Qg4# 0-1

[Event "EYCC Girls-U10 2019"]
[Site "Bratislava"]
[Date "2019.08.06"]
[Round "5.17"]
[White "Arzur, Maia"]
[Black "Chevillon, Manon"]
[Result "1-0"]
[ECO "C54"]
[WhiteElo "1507"]
[BlackElo "1232"]
[Annotator "NA"]
[PlyCount "107"]
[EventDate "2019.08.02"]
[EventType "swiss"]
[EventCountry "SVK"]
[SourceTitle "playchess.com"]
[Source "ChessBase"]
[SourceQuality "1"]
[TimeControl "40/5400+30:1800+30"]

1. e4 e5 2. Nf3 Nc6 3. Bc4 Bc5 4. c3 Nf6 5. d3 d6 6. O-O Qe7 7. a4 a5 8. Re1 Be6 9. Bb5 Bd7 10. d4 exd4 11. cxd4 Bb4 12. Nc3 O-O-O 13. Bd2 Na7 14. Bxd7+ Qxd7 15. Qc2 h6 16. Na2 Bxd2 17. Nxd2 Rhe8 18. b4 axb4 19. Nxb4 Kb8 20. d5 g5 21. Rab1 Ka8 22. Qb2 Ng8 23. Nc6 Rb8 24. Nxb8 Rxb8 25. a5 Qd8 26. Nc4 Nf6 27. Nb6+ cxb6 28. axb6 Nd7 29. bxa7 Qc7 30. axb8=Q+ Kxb8 31. Ra1 Qc8 32. Qa3 Kc7 33. Rec1+ Nc5 34. Rxc5+ dxc5 35. Qxc5+ Kd7 36. Qxc8+ Kxc8 37. e5 Kd7 38. Ra7 Kc7 39. e6 fxe6 40. dxe6 Kd6 41. Rxb7 Kxe6 42. Rb6+ Kf5 43. Rxh6 g4 44. Rh8 Kg5 45. Rg8+ Kh5 46. f3 Kh4 47. f4 Kh5 48. f5 g3 49. f6 gxh2+ 50. Kxh2 Kh6 51. f7 Kh7 52. Rg3 Kh6 53. f8=Q+ Kh7 54. Qg7# 1-0

[Event "EYCC Girls-U10 2019"]
[Site "Bratislava"]
[Date "2019.08.06"]
[Round "5.18"]
[White "Bat, Anu"]
[Black "Briem, Gudrun Fanney"]
[Result "1-0"]
[ECO "A45"]
[WhiteElo "1457"]
[BlackElo "1199"]
[Annotator "NA"]
[PlyCount "51"]
[EventDate "2019.08.02"]
[EventType "swiss"]
[EventCountry "SVK"]
[SourceTitle "playchess.com"]
[Source "ChessBase"]
[SourceQuality "1"]
[TimeControl "40/5400+30:1800+30"]

1. d4 Nf6 2. Bg5 e6 3. e4 h6 4. Bxf6 Qxf6 5. Nf3 Bb4+ 6. c3 Be7 7. Nbd2 b6 8. Bd3 Bb7 9. Qe2 O-O 10. O-O-O Bd8 11. Rdg1 d5 12. e5 Qe7 13. h4 Nd7 14. g4 a5 15. g5 g6 16. gxh6 a4 17. a3 c5 18. h5 Kh8 19. h7 gxh5 20. Rxh5 Bc7 21. Rhg5 c4 22. Bc2 b5 23. Ne1 Bc6 24. Rg8+ Rxg8 25. hxg8=Q+ Rxg8 26. Qh5# 1-0

[Event "EYCC Girls-U10 2019"]
[Site "Bratislava"]
[Date "2019.08.06"]
[Round "5.19"]
[White "Mkrtchyan, Anahit H."]
[Black "Zubkovskaya, Ekaterina"]
[Result "1-0"]
[ECO "B51"]
[WhiteElo "1155"]
[BlackElo "1449"]
[Annotator "NA"]
[PlyCount "119"]
[EventDate "2019.08.02"]
[EventType "swiss"]
[EventCountry "SVK"]
[SourceTitle "playchess.com"]
[Source "ChessBase"]
[SourceQuality "1"]
[TimeControl "40/5400+30:1800+30"]

1. e4 c5 2. Nf3 d6 3. Bb5+ Nd7 4. O-O a6 5. Bxd7+ Bxd7 6. c3 Nf6 7. Re1 e6 8. d4 cxd4 9. cxd4 Be7 10. Nc3 O-O 11. e5 Nd5 12. Nxd5 exd5 13. Bf4 Be6 14. Rc1 Qd7 15. exd6 Bxd6 16. Ne5 Qd8 17. Qf3 Bb4 18. Re2 Rc8 19. Rec2 Rxc2 20. Rxc2 Ba5 21. Qg3 Kh8 22. h4 Bf5 23. Rc1 Qb6 24. Rc7 Be6 25. Nd3 Qa7 26. Be5 Rg8 27. Re7 Qa8 28. Nf4 Qf8 29. Rxb7 Bc8 30. Rb8 f6 31. Bd6 Qf7 32. b4 Re8 33. bxa5 Kg8 34. Qb3 Kh8 35. Qxd5 Qd7 36. Qc5 Qg4 37. Qh5 Qd7 38. Ng6+ Kg8 39. Ne7+ Kh8 40. Qxe8+ Qxe8 41. Rxc8 Qxc8 42. Nxc8 Kg8 43. Bc5 Kf7 44. d5 Ke8 45. d6 Kd7 46. Nb6+ Kd8 47. d7 g6 48. Bd4 Ke7 49. Bxf6+ Kxf6 50. d8=Q+ Ke6 51. Qd5+ Ke7 52. Nc8+ Kf6 53. g4 h6 54. g5+ hxg5 55. hxg5+ Kg7 56. Qd7+ Kf8 57. Qe7+ Kg8 58. Nd6 Kh8 59. Ne8 Kg8 60. Qg7# 1-0

[Event "EYCC Girls-U10 2019"]
[Site "Bratislava"]
[Date "2019.08.06"]
[Round "5.20"]
[White "Kusakina, Uliana"]
[Black "Bursali, Ela"]
[Result "1-0"]
[ECO "C54"]
[WhiteElo "1364"]
[BlackElo "1197"]
[Annotator "NA"]
[PlyCount "128"]
[EventDate "2019.08.02"]
[EventType "swiss"]
[EventCountry "SVK"]
[SourceTitle "playchess.com"]
[Source "ChessBase"]
[SourceQuality "1"]
[TimeControl "40/5400+30:1800+30"]

1. e4 e5 2. Nf3 Nc6 3. Bc4 Bc5 4. c3 Nf6 5. d4 exd4 6. e5 d5 7. Bb5 Ne4 8. cxd4 Bb6 9. Nc3 Nxc3 10. bxc3 h6 11. O-O O-O 12. Qd3 Ne7 13. Nh4 Bd7 14. Bxd7 Qxd7 15. Qg3 Qe6 16. f4 Nf5 17. Nxf5 Qxf5 18. Qf3 c6 19. g4 Qh7 20. f5 Bd8 21. Qg3 Bg5 22. h4 Bxc1 23. Raxc1 g6 24. g5 hxg5 25. hxg5 gxf5 26. Kg2 f6 27. Rh1 f4 28. Qf3 Qg6 29. exf6 Rxf6 30. Kf2 Rff8 31. Rh6 Qe4 32. Re1 Qxf3+ 33. Kxf3 Rae8 34. Rhe6 Rb8 35. Rg6+ Kh7 36. Ree6 a5 37. Rh6+ Kg7 38. Reg6+ Kf7 39. Rf6+ Kg7 40. Kxf4 Rxf6+ 41. Rxf6 Re8 42. Rd6 Re7 43. Kf5 Kf7 44. Rf6+ Kg7 45. Re6 Rd7 46. Ke5 Kf7 47. Rf6+ Ke8 48. Re6+ Kf7 49. Kf5 Kg7 50. g6 a4 51. Re1 Rc7 52. Rh1 Kg8 53. Ke6 Rg7 54. Rg1 Kf8 55. Kf6 Rc7 56. Rh1 Kg8 57. Re1 Kf8 58. Re6 a3 59. Rd6 Rc8 60. Rd7 Rb8 61. Rf7+ Kg8 62. g7 Rd8 63. Ke7 Rd7+ 64. Kxd7 Kxf7 1-0